Cogmind - Beta 15 @@@ ROGUE MODE // 2025.06.09 @ 17:44:44 Player: Chair Result: Escaped! Performance ------------- Evolutions (9) 4500 Regions Visited (18) 3600 Robots Destroyed (256) 1280 Value Destroyed (10764) 10764 Prototype IDs (22) 440 Alien Tech Used (0) 0 Bonus (9727) 9727 TOTAL SCORE: 30311 Bonus ------- Triggered High Security 500 High Alert Combat Kills 1951 Follower Combat Kills 807 Registered with UFD 300 Met Optimus in HQ 500 MAIN.C Attacked Warlord 500 Warlord Defense Kills 2284 Win 3000 Friendly Fire -115 Cogmind --------- Core Integrity 1580/1600 Matter 255/300 Energy 394/425 System Corruption 0% Temperature Hot (232) Movement Flying (10) Location To Epsilon Eridani Parts ------- > --- POWER (3) -------- Light Ion Engine Light Angular Momentum Engine Quantum Reactor > --- PROPULSION (8) --- Experimental Q-thruster Experimental Q-thruster Experimental Q-thruster Experimental Q-thruster Experimental Q-thruster Experimental Q-thruster Experimental Q-thruster > --- UTILITY (11) ----- Long-range Sensor Array Advanced Signal Interpreter Advanced Melee Analysis Suite Improved Hacking Suite Improved System Shield Improved System Restoration Module > --- WEAPON (3) ------- Nanosword Nanosword > --- INVENTORY (5) ---- Improved Ion Engine Quantum Capacitor Enhanced Nova Cannon Enhanced Nova Cannon Peak State ------------ > --- POWER ------------ Light Ion Engine Light Angular Momentum Engine Quantum Reactor > --- PROPULSION ------- Experimental Q-thruster Experimental Q-thruster Experimental Q-thruster Experimental Q-thruster Experimental Q-thruster Experimental Q-thruster Experimental Q-thruster > --- UTILITY ---------- Long-range Sensor Array Advanced Signal Interpreter Advanced Melee Analysis Suite Improved Hacking Suite Improved System Shield Improved System Restoration Module > --- WEAPON ----------- Nanosword Nanosword > --- INVENTORY -------- Improved Ion Engine Quantum Capacitor Enhanced Nova Cannon Enhanced Nova Cannon [Rating: 138] Favorites ----------- Power Cooled Fission Core Engine Deuterium Engine Power Core Cooled Fission Core Reactor Reinforced Antimatter Reactor Propulsion Overtuned Huge Scrapsphere Treads Armored Treads Leg Aluminum Leg Wheel Overtuned Huge Scrapsphere Flight Unit Experimental Q-thruster Utility Scrap Suit Device Scrap Suit Storage Large Storage Unit Processor Advanced Signal Interpreter Hackware System Mapper Protection Makeshift Light Armor Plating Weapon Enhanced Nova Cannon Energy Gun Beam Rifle Energy Cannon Enhanced Nova Cannon Ballistic Gun Overtuned Railgun Ballistic Cannon Heavy Gauss Cannon Launcher Smartbomb Launcher Special Weapon Improved Remote Datajack Impact Weapon Hammer Slashing Weapon Nanosword Special Melee Weapon Dirty Datajack Build | -11 -10 -10 -8 -8 -6 -5 -5 -5 -5 -5 -5 -4 -4 -4 -4 -3 -2 -1 ------- Run | Yrd Mat Sub Rec Scr Fac Fac Was Fac Upp Upp War Pro Fac Upp Upp Res Res Acc Slots Evolved 18 | . . . . . 8 2 . . . . . . 2 . . 2 2 2 Power 2 | . . . . . 1 . . . . . . . . . . . . 1 Propulsion 6 | . . . . . 2 1 . . . . . . . . . 1 1 1 Utility 9 | . . . . . 4 1 . . . . . . 2 . . 1 1 . Weapon 1 | . . . . . 1 . . . . . . . . . . . . . Parts Attached 171 | 6 4 8 3 8 33 1 2 39 1 1 5 2 33 . . 1 13 11 Power 24 | 1 1 . . 2 7 . 1 3 1 . . . 3 . . . 2 3 Engine 12 | 1 1 . . 2 3 . . . . . . . 1 . . . 2 2 Core 8 | . . . . . 4 . . 2 1 . . . 1 . . . . . Reactor 4 | . . . . . . . 1 1 . . . . 1 . . . . 1 Propulsion 39 | 2 . 3 2 4 8 . . 6 . . . . 6 . . . 8 . Treads 19 | 2 . 1 . 4 7 . . 5 . . . . . . . . . . Leg 1 | . . 1 . . . . . . . . . . . . . . . . Wheel 12 | . . 1 2 . 1 . . 1 . . . . 6 . . . 1 . Hover . | . . . . . . . . . . . . . . . . . . . Flight 7 | . . . . . . . . . . . . . . . . . 7 . Utility 64 | 1 2 1 . . 7 1 1 15 . . 5 1 20 . . . 3 7 Device 32 | . 1 . . . 5 . . 7 . . 2 . 12 . . . 2 3 Storage 6 | 1 1 . . . . . . 2 . . 2 . . . . . . . Processor 13 | . . . . . 2 1 . 4 . . 1 . 3 . . . . 2 Hackware 7 | . . . . . . . . . . . . . 5 . . . . 2 Protection 6 | . . 1 . . . . 1 2 . . . 1 . . . . 1 . Artifact . | . . . . . . . . . . . . . . . . . . . Weapon 44 | 2 1 4 1 2 11 . . 15 . 1 . 1 4 . . 1 . 1 Energy Gun 8 | . . 2 . 2 3 . . 1 . . . . . . . . . . Energy Cannon 12 | . . . 1 . 1 . . 6 . . . 1 3 . . . . . Ballistic Gun 13 | 2 1 . . . 5 . . 5 . . . . . . . . . . Ballistic Cannon 1 | . . . . . . . . . . . . . 1 . . . . . Launcher 4 | . . 1 . . 1 . . 2 . . . . . . . . . . Special Weapon 1 | . . . . . . . . 1 . . . . . . . . . . Impact Weapon 1 | . . 1 . . . . . . . . . . . . . . . . Slashing Weapon 3 | . . . . . 1 . . . . . . . . . . 1 . 1 Piercing Weapon . | . . . . . . . . . . . . . . . . . . . Special Melee Weapon 1 | . . . . . . . . . . 1 . . . . . . . . Unidentified Prototypes 17 | . . . . . . . . 8 . . 2 2 3 . . 1 1 . Parts Lost 36 | . 1 4 . . 8 . . 2 . . . . 18 1 . . 1 1 Power 7 | . 1 1 . . 3 . . . . . . . 2 . . . . . Propulsion 10 | . . 2 . . 4 . . . . . . . 4 . . . . . Utility 10 | . . . . . . . . 1 . . . . 6 1 . . 1 1 Weapon 9 | . . 1 . . 1 . . 1 . . . . 6 . . . . . Highest Loss Streak 7 | . 1 3 . . 3 . . 1 . . . . 7 1 . . 1 1 To Critical Strikes . | . . . . . . . . . . . . . . . . . . . Average Backups 14 | 1 7 12 13 13 13 12 14 16 17 17 17 18 16 5 5 3 4 2 Power . | . . . . . . . 1 1 . . . . . . . . . . Propulsion 1 | 1 2 3 2 2 2 . . 2 . . . . 1 . . . . . Utility 7 | . 1 3 6 7 7 8 8 6 9 10 10 10 9 4 4 . 2 . Weapon 5 | . 3 5 4 3 3 4 5 6 7 7 7 7 5 1 1 1 1 1 Tool/Special . | . . . . . . . . . . . . . . . . . . . Unused Backups 41 | . 1 1 1 4 8 . . 11 . . 2 . 5 . 1 1 4 2 Power 4 | . . . . . . . . 3 . . . . . . . . 1 . Propulsion 4 | . . . 1 1 . . . 2 . . . . . . . . . . Utility 18 | . . . . 3 5 . . 2 . . 2 . 1 . 1 1 2 1 Weapon 15 | . 1 1 . . 3 . . 4 . . . . 4 . . . 1 1 Tool/Special . | . . . . . . . . . . . . . . . . . . . Average Slot Usage (%) 82 | . 98 96 85 90 91 76 65 79 82 81 79 76 76 18 15 2 17 59 Engine 4 | . 13 12 . 11 5 . . . . . . . . . . . 2 7 Core 5 | . . . . . 6 5 5 10 11 11 11 11 5 . . . . . Treads 11 | . 28 24 . 17 24 11 11 6 5 5 5 5 . . . . . . Wheel 7 | . . 1 23 6 . 5 5 9 11 11 11 11 13 . . . 2 . Device 10 | . 13 9 . . 14 17 15 14 17 17 15 17 11 2 . . 2 6 Storage 7 | . 14 14 14 14 6 5 5 5 5 5 6 5 4 . . . . . Processor 6 | . . . . . 5 9 10 8 11 11 11 10 12 . . . . 4 Protection 4 | . . 4 14 14 5 1 . 1 . . . . 1 . . . 2 . Energy Gun 3 | . . 3 16 12 3 . . . . . . . . . . . . . Energy Cannon 8 | . . . 11 12 2 5 1 9 17 15 12 5 12 . . . . . Ballistic Gun 5 | . 28 17 . . 12 11 5 6 . . . . . . . . . . Peak Build Rating 138 | 6 8 12 15 24 72 71 71 108 109 107 118 115 133 23 21 11 82 138 Average Rating 69 | 4 7 9 14 19 67 70 62 99 107 105 110 110 117 22 15 9 26 115 On Entrance 50 | . 6 8 11 15 23 70 71 67 108 107 107 112 112 23 21 . 11 82 Naked Turns 35 | . . . . . . . . . . . . . 17 . 3 15 . . Heaviest Build 131 | 11 28 37 31 42 69 55 75 120 109 103 121 129 131 . . 2 29 40 Greatest Support 95 | 40 40 40 24 44 95 20 20 90 40 40 40 40 56 3 3 3 42 42 Greatest Overweight (x) 24 | . . 1 2 1 3 2 24 5 2 5 5 3 4 . . . 2 1 Average Overweight (x) 1 | . . . 1 . . 2 1 2 2 2 2 2 1 . . . . . Largest Inventory Capacity 20 | 8 15 15 15 15 15 15 15 20 20 20 20 20 20 5 5 5 5 5 Average Capacity 16 | 7 11 15 15 15 15 15 15 18 20 20 20 20 19 5 5 5 5 5 Most Carried 20 | 3 12 15 15 15 15 12 15 20 20 20 20 20 20 5 5 5 5 5 Average Carried 15 | 2 7 12 14 14 14 12 14 17 19 19 19 19 17 5 4 3 4 3 Final Capacity 20 | 8 15 15 15 15 15 15 15 20 20 20 20 20 5 5 5 5 5 5 Final Carried 20 | 3 11 13 15 15 13 12 15 20 20 20 20 19 5 5 . 5 3 5 Class Distribution -------------------- 35% | Scrapper 17% | Mutant 12% | Derelict-Mutant 11% | Hacker-Scrapper 8% | Gunner 3% | Commander-Mutant Dominant Class ---------------- Mutant | -10/Materials Mutant | -10/Subcaves Commander-Mutant | -8/Recycling Derelict-Mutant | -8/Scraptown Gunner | -6/Factory Scrapper | -5/Factory Mutant | -5/Waste Scrapper | -5/Factory Scrapper | -5/Upper Caves Scrapper | -5/Upper Caves Scrapper | -5/Warlord Scrapper | -4/Proximity Caves Hacker-Scrapper | -4/Factory Hacker-Mutant | -4/Upper Caves Hacker-Mutant | -4/Upper Caves Mutant | -3/Research Mutant | -2/Research Scavenger-Sprinter | -1/Access Resources | -11 -10 -10 -8 -8 -6 -5 -5 -5 -5 -5 -5 -4 -4 -4 -4 -3 -2 -1 ----------- Run | Yrd Mat Sub Rec Scr Fac Fac Was Fac Upp Upp War Pro Fac Upp Upp Res Res Acc Matter Collected 7933 | 237 285 203 448 69 1808 . 80 1846 149 259 953 142 1195 . 28 10 45 176 Remotely 947 | . . . . . . . . . . . 863 . 84 . . . . . Salvage Created 11115 | . 582 136 187 . 2662 . . 3562 . 103 476 114 2707 . . 45 87 454 Parts 543 | . 34 11 11 . 120 . . 180 . 4 12 10 136 . . 4 5 16 Haulers Intercepted 10 | . 2 . . . 1 . . 6 . . . . 1 . . . . . Recyclers Shooed 3 | . 1 . . . . . . 2 . . . . . . . . . . Parts Field Recycled . | . . . . . . . . . . . . . . . . . . . Retrieved Matter . | . . . . . . . . . . . . . . . . . . . Parts Self-Destructed 19 | . . 7 . . . . . . . 2 . 10 . . . . . . Prevented . | . . . . . . . . . . . . . . . . . . . Kills | -11 -10 -10 -8 -8 -6 -5 -5 -5 -5 -5 -5 -4 -4 -4 -4 -3 -2 -1 ------- Run | Yrd Mat Sub Rec Scr Fac Fac Was Fac Upp Upp War Pro Fac Upp Upp Res Res Acc Combat Hostiles Destroyed 182 | . 11 8 3 . 40 . . 38 . 4 21 2 55 . . . . . Melee 1 | . . 1 . . . . . . . . . . . . . . . . Guns 54 | . 11 3 2 . 28 . . 10 . . . . . . . . . . Cannons 29 | . . . 1 . . . . 6 . 1 . 2 19 . . . . . AOE 77 | . . 4 . . 10 . . 13 . 3 21 . 26 . . . . . Classes Destroyed 22 | . 5 1 2 . 9 . . 1 . 1 1 . 1 . . . . 1 Worker 18 | . . . . . 1 . . 5 . . . . 6 . . 2 2 2 Builder 12 | . . . . . 2 . . 4 . . . . 5 . . . . 1 Tunneler 4 | . . . . . 1 . . 1 . . . . 2 . . . . . Hauler 10 | . 2 . . . 1 . . 6 . . . . 1 . . . . . Recycler 12 | . 1 . . . 3 . . 6 . . . . . . . . . 2 Minesweeper 1 | . . . . . . . . . . 1 . . . . . . . . Mechanic 4 | . . . . . . . . 1 . . 1 . . . . . 1 1 Operator 1 | . . . . . . . . . . . . . . . . . . 1 Watcher 10 | . 1 . . . 2 . . 5 . . . . 2 . . . . . Swarmer 47 | . 3 . 1 . 4 . . 13 . 2 . . 24 . . . . . Saboteur 4 | . . . . . 1 . . . . . 3 . . . . . . . Grunt 46 | . 8 1 . . 9 . . 5 . 1 6 . 16 . . . . . Brawler 4 | . . . . . . . . . . . 4 . . . . . . . Duelist 3 | . . . . . 1 . . . . . 2 . . . . . . . Protector 2 | . . . . . 1 . . . . . 1 . . . . . . . Sentry 13 | . . . 1 . 4 . . 5 . 1 . . 2 . . . . . Demolisher 1 | . . . 1 . . . . . . . . . . . . . . . Specialist 10 | . . . . . 5 . . . . . 1 . 4 . . . . . Hunter 16 | . . . . . 9 . . 3 . . . . 4 . . . . . Programmer 30 | . . . . . 6 . . 13 . . 4 2 5 . . . . . Subdweller 7 | . . 7 . . . . . . . . . . . . . . . . Scrapoid 1 | . . . . . . . . . . . . . 1 . . . . . Best Kill Streak 17 | . 4 3 2 . 17 . . 17 . 3 6 1 17 . . 2 1 4 Combat Bots Only 10 | . 4 3 2 . 10 . . 9 . 3 6 1 7 . . . . . Max Kills in Single Turn 11 | . 1 1 1 . 3 . . 4 . 1 3 1 11 . . 1 1 1 Gunslinging . | . . . . . . . . . . . . . . . . . . . Exploded 5 | . . 1 . . 3 . . 4 . 1 3 . 5 . . . . . Melee 1 | . . 1 . . . . . . . . . . . . . . . . Uniques/NPCs Destroyed . | . . . . . . . . . . . . . . . . . . . Combat | -11 -10 -10 -8 -8 -6 -5 -5 -5 -5 -5 -5 -4 -4 -4 -4 -3 -2 -1 -------- Run | Yrd Mat Sub Rec Scr Fac Fac Was Fac Upp Upp War Pro Fac Upp Upp Res Res Acc Hostile Shots Fired 1253 | . 49 49 2 . 345 . . 129 . . 15 10 566 2 . . 75 11 Missed 424 | . 12 18 2 . 96 . . 39 . . 8 1 213 . . . 29 6 Hits 829 | . 37 31 . . 249 . . 90 . . 7 9 353 2 . . 46 5 Projectile 829 | . 37 31 . . 249 . . 90 . . 7 9 353 2 . . 46 5 AOE 3 | . . 3 . . . . . . . . . . . . . . . . Critical Strikes 22 | . . 2 . . 7 . . 3 . . . 1 9 . . . . . Part Disruptions 2 | . . . . . 2 . . . . . . . . . . . . . Damage Taken 13980 | . 446 773 . . 3821 . . 1732 . . 13 109 6214 47 . . 716 109 Core 2105 | . 62 184 . . 326 . . 150 . . . 22 979 22 . . 340 20 Absorbed by Shields 214 | . . . . . . . . . . . 12 78 88 . . . 36 . Regen/Repaired (Parts) 697 | . . . . . 376 . . 69 . 8 42 . 202 . . . . . Core Remaining (%) 66 | 100 . . . 1 61 . . . . . . 82 . . 12 100 76 98 Volleys Fired 599 | . 46 27 8 . 147 4 . 172 4 15 43 12 121 . . . . . Largest 3 | . 2 2 2 . 3 1 . 3 1 2 1 2 2 . . . . . Hottest 256 | . 40 80 80 . 160 90 . 256 120 175 120 240 240 . . . . . Shots Fired 962 | . 92 39 14 . 281 4 . 266 7 20 43 16 180 . . . . . Gun 418 | . 92 26 12 . 198 . . 90 . . . . . . . . . . Cannon 437 | . . . 2 . 62 4 . 162 7 11 2 16 171 . . . . . Launcher 105 | . . 13 . . 21 . . 12 . 9 41 . 9 . . . . . Special 2 | . . . . . . . . 2 . . . . . . . . . . Kinetic 358 | . 92 33 . . 131 . . 90 . . . . 12 . . . . . Thermal 349 | . . 6 12 . 129 4 . 102 6 1 2 16 71 . . . . . Explosive 71 | . . . . . . . . 12 . 9 41 . 9 . . . . . Electromagnetic 181 | . . . 2 . 21 . . 60 1 10 . . 87 . . . . . Entropic 1 | . . . . . . . . . . . . . 1 . . . . . Robot Hit Streak 32 | . 15 10 4 . 32 . . 18 4 9 . 3 23 . . . . . Robot Miss Streak 5 | . 5 2 1 . 5 . . 4 . 1 2 3 3 . . . . . Penetration Max 3 | . . . . . 1 . . 3 . . . . . . . . . . Secondary Targets 6 | . . . . . 5 . . 1 . . . . . . . . . . Max Gunslinging Chain 1 | . . . . . 1 . . 1 . . . . . . . . . . Shots Hit Robots 529 | . 59 32 10 . 153 . . 141 2 7 . 4 108 . . 2 3 8 Core Hits 386 | . 23 15 8 . 88 . . 82 . 9 78 2 73 . . 2 2 4 Critical Kills 22 | . . . . . 4 . . 18 . . . . . . . . . . Critical Parts Destroyed 26 | . 1 1 . . 4 . . 20 . . . . . . . . . . Critical Strikes 56 | . 1 1 . . 11 . . 40 . . . . 3 . . . . . Burn 3 | . . . . . 3 . . . . . . . . . . . . . Meltdown 2 | . . . . . 1 . . 1 . . . . . . . . . . Destroy 45 | . 1 . . . 7 . . 37 . . . . . . . . . . Blast 2 | . . . . . . . . . . . . . 2 . . . . . Corrupt 3 | . . . . . . . . 2 . . . . 1 . . . . . Smash 1 | . . 1 . . . . . . . . . . . . . . . . Melee Attacks 67 | . . 23 . . 2 . . . . . . . . . . 6 6 30 Impact 23 | . . 23 . . . . . . . . . . . . . . . . Slashing 44 | . . . . . 2 . . . . . . . . . . 6 6 30 Piercing . | . . . . . . . . . . . . . . . . . . . Sneak Attacks 11 | . . . . . . . . . . . . . . . . 2 3 6 Combat Hostiles . | . . . . . . . . . . . . . . . . . . . Follow-up Attacks . | . . . . . . . . . . . . . . . . . . . Damage Inflicted 33429 | . 735 1103 159 . 6380 . . 6169 44 704 6714 232 9568 . . 228 340 1053 Guns 4946 | . 732 243 116 . 3288 . . 567 . . . . . . . . . . Cannons 8564 | . . . 43 . 319 . . 3413 44 197 . 232 4316 . . . . . Explosions 18141 | . . 770 . . 2736 . . 2149 . 507 6714 . 5145 . . . . 120 Melee 1583 | . . 82 . . . . . . . . . . . . . 228 340 933 Ramming 195 | . 3 8 . . 37 . . 40 . . . . 107 . . . . . Kinetic 4901 | . 732 971 . . 2332 . . 567 . . . . 299 . . . . . Thermal 7729 | . . 42 116 . 1985 . . 1305 44 64 . 232 3941 . . . . . Explosive 12539 | . . . . . 626 . . 2149 . 443 6714 . 2607 . . . . . Electromagnetic 6482 | . . . 43 . 1400 . . 2108 . 197 . . 2614 . . . . 120 Impact 82 | . . 82 . . . . . . . . . . . . . . . . Slashing 1501 | . . . . . . . . . . . . . . . . 228 340 933 Piercing . | . . . . . . . . . . . . . . . . . . . Highest Corruption 6 | . . . . . 5 . . 6 4 4 4 1 5 5 5 . 1 . Average Corruption 3 | . . . . . 1 . . 4 4 4 4 1 3 5 5 . 1 . Corruption Purged 5 | . . . . . . . . 5 . . . . . . . . . . Corruption Blocked . | . . . . . . . . . . . . . . . . . . . Effects 120 | . . . . . 26 . . 39 10 9 . 1 29 3 . . 3 . Message Errors 35 | . . . . . 6 . . 10 3 5 . . 10 1 . . . . Matter Fused 27 | . . . . . 5 . . 11 . 3 . 1 6 . . . 1 . Heat Flow Errors 9 | . . . . . 2 . . 2 1 1 . . 2 . . . 1 . Energy Discharges 12 | . . . . . 3 . . 4 . . . . 4 1 . . . . Parts Rejected 3 | . . . . . 2 . . 1 . . . . . . . . . . Parts Fused 1 | . . . . . . . . . . . . . 1 . . . . . Data Loss (minor) 16 | . . . . . 4 . . 3 3 . . . 5 . . . 1 . Data Loss (major) 6 | . . . . . 2 . . 3 . . . . . 1 . . . . Misfires 7 | . . . . . 2 . . 2 3 . . . . . . . . . Alerts 1 | . . . . . . . . 1 . . . . . . . . . . Weapon Failures 3 | . . . . . . . . 2 . . . . 1 . . . . . Overload Shots . | . . . . . . . . . . . . . . . . . . . Overflow Damage 2026 | . . 29 . . 201 . . 334 15 37 212 . 923 . . . 51 224 Projectiles 321 | . . . . . . . . 180 15 26 . . 100 . . . . . Explosions 1385 | . . . . . 201 . . 154 . 11 212 . 807 . . . . . Melee 320 | . . 29 . . . . . . . . . . 16 . . . 51 224 Knockbacks 2 | . . 1 . . . . . . . . . . 1 . . . . . Impact 1 | . . 1 . . . . . . . . . . . . . . . . Kinetic 1 | . . . . . . . . . . . . . 1 . . . . . Secondary . | . . . . . . . . . . . . . . . . . . . Self-Inflicted Damage 842 | . . . . . 151 . . 9 . . . . 682 . . . . . Shots 18 | . . . . . 7 . . . . . . . 11 . . . . . Rammed 18 | . 1 3 . . 5 . . 2 . . . . 7 . . . . . Targets Rammed 20 | . 2 3 . . 6 . . 2 . . . . 7 . . . . . Kicked . | . . . . . . . . . . . . . . . . . . . Crushed 2 | . 1 . . . 1 . . . . . . . . . . . . . Highest Temperature 392 | . 18 . 36 . 392 78 . 373 256 346 64 264 327 . . . 239 178 Average Temperature 91 | . 5 . 14 . 98 41 . 89 89 100 41 107 88 . . . 125 87 Received Heat Transfer 1796 | . 225 84 . . 552 . . 126 . . . 9 773 9 . . . 18 Effects 9 | . . . . . 5 . . 2 . 1 . . 1 . . . . . Energy Bleed 2 | . . . . . 1 . . . . . . . 1 . . . . . Interference 6 | . . . . . 4 . . 2 . . . . . . . . . . Short Circuit 1 | . . . . . . . . . . 1 . . . . . . . . Siege Activations . | . . . . . . . . . . . . . . . . . . . Martial Activations . | . . . . . . . . . . . . . . . . . . . Shielding Activations . | . . . . . . . . . . . . . . . . . . . Robots Disrupted 1 | . . . . . . . . 1 . . . . . . . . . . Combat Hostiles 1 | . . . . . . . . 1 . . . . . . . . . . Robots Corrupted 29 | . . . . . 3 . . 13 . 1 . . 12 . . . . . Combat Hostiles 20 | . . . . . 2 . . 8 . . . . 10 . . . . . Parts Fried 61 | . . . . . 12 . . 24 . 1 . . 24 . . . . . Impact Corruptions 2 | . . 1 . . . . . . . . . . 1 . . . . . Robots Melted 2 | . . . . . 1 . . 1 . . . . . . . . . . Combat Hostiles 1 | . . . . . . . . 1 . . . . . . . . . . Parts Melted 19 | . . . . . 9 . . 6 . . . . 4 . . . . . Heat Transferred 7807 | . . 100 250 . 3348 . . 1166 37 50 . 148 2708 . . . . . Parts Sabotaged . | . . . . . . . . . . . . . . . . . . . Parts Stolen . | . . . . . . . . . . . . . . . . . . . Parts Stripped . | . . . . . . . . . . . . . . . . . . . Power Chain Reactions 4 | . . . . . 3 . . . . 1 . . . . . . . . Alert | -11 -10 -10 -8 -8 -6 -5 -5 -5 -5 -5 -5 -4 -4 -4 -4 -3 -2 -1 ------- Run | Yrd Mat Sub Rec Scr Fac Fac Was Fac Upp Upp War Pro Fac Upp Upp Res Res Acc Maximum Alert Level 5 | . . . . . 3 2 . 3 . . . . 5 . . 3 2 2 Low Security (%) 57 | 100 100 . 100 . 50 . 100 66 . . . . 34 . . . . 29 Level 1 15 | . . . . . 30 . . 7 . . . . 8 . . . 62 54 Level 2 12 | . . . . . 12 100 . 14 . . . . 15 . . . 37 15 Level 3 10 | . . . . . 6 . . 11 . . . . 22 . . 100 . . Level 4 1 | . . . . . . . . . . . . . 5 . . . . . Level 5 . | . . . . . . . . . . . . . . . . . . . High Security 2 | . . . . . . . . . . . . . 12 . . . . . Max Security . | . . . . . . . . . . . . . . . . . . . Peak Influence 2521 | . 109 . 42 . 976 480 162 914 . . . . 2521 . . 836 461 463 Initial 834 | . . . 4 . . 478 162 85 . . . . 25 . . 834 456 173 Average 311 | . 32 . 14 . 226 472 143 266 . . . . 682 . . 826 379 252 Influence Increases 8455 | . 356 45 264 . 1717 6 . 1587 . 85 607 60 3272 . . 18 24 414 Destroy 0b10 Robot/C 3860 | . 220 20 60 . 780 . . 860 . 80 500 40 1300 . . . . . Destroy 0b10 Robot/NC 385 | . 20 . 15 . 55 . . 140 . 5 10 . 80 . . 10 15 35 Destroy Leader 700 | . 46 10 . . 196 . . 212 . . . 20 216 . . . . . Allied During Kill 203 | . . . 1 . . . . 53 . . 97 . 52 . . . . . Successful Hack 232 | . 9 . 38 . 44 . . 19 . . . . 22 . . . . 100 Select Force Hacks 150 | . . . 150 . . . . . . . . . . . . . . . Disable Machine 1125 | . . . . . 285 . . 45 . . . . 765 . . . . 30 Destroy Structure 1155 | . 1 . . . 252 6 . 228 . . . . 612 . . 8 9 39 Partial Spotted 30 | . . . . . . . . . . . . . . . . . . 30 Lose Combat Pursuer 615 | . 60 15 . . 105 . . 30 . . . . 225 . . . . 180 Influence Decreases 7968 | . 265 127 273 . 741 518 342 796 548 260 358 457 793 994 291 442 546 217 Entered New Map 4040 | . . 44 5 . . 498 302 37 338 70 190 439 17 934 291 402 356 117 Time Decay 3168 | . 265 83 248 . 511 20 40 619 190 190 128 18 496 50 . 40 180 90 Lost Part 310 | . . . . . 80 . . 20 . . . . 180 10 . . 10 10 Lost Ally 300 | . . . 20 . . . . 120 20 . 40 . 100 . . . . . Purge Threat 150 | . . . . . 150 . . . . . . . . . . . . . Squads Dispatched 66 | . 1 . . . 18 . . 20 . . . . 24 . . . 2 1 Investigation 18 | . . . . . 9 . . 2 . . . . 5 . . . 1 1 Extermination 18 | . . . . . 6 . . 8 . . . . 3 . . . 1 . Reinforcement 18 | . 1 . . . 3 . . 7 . . . . 7 . . . . . Assault 8 | . . . . . . . . . . . . . 8 . . . . . Garrison 4 | . . . . . . . . 3 . . . . 1 . . . . . Intercept . | . . . . . . . . . . . . . . . . . . . Searches Triggered . | . . . . . . . . . . . . . . . . . . . Construction Impeded 5 | . . . . . 1 . . 3 . . . . 1 . . . . . Haulers Reinforced 7 | . . . . . . . . 4 . . . . 3 . . . . . Active Scanning Responses . | . . . . . . . . . . . . . . . . . . . Cargo Convoy Interrupts 1 | . . . . . 1 . . . . . . . . . . . . . Stealth | -11 -10 -10 -8 -8 -6 -5 -5 -5 -5 -5 -5 -4 -4 -4 -4 -3 -2 -1 --------- Run | Yrd Mat Sub Rec Scr Fac Fac Was Fac Upp Upp War Pro Fac Upp Upp Res Res Acc Distress Signals 13 | . 1 . . . 3 . . 4 . . . . 3 . . . . 2 Communications Jammed . | . . . . . . . . . . . . . . . . . . . Distress Signals . | . . . . . . . . . . . . . . . . . . . Times Spotted 269 | . 17 14 3 . 57 . . 50 . 1 23 3 81 1 . 4 4 11 Peak Tracking Total 13 | . 4 4 1 . 11 . . 7 . 2 12 3 11 1 . 4 4 13 Tactical Retreats 22 | . 2 2 . . 5 . . 2 . . . . 8 . . . . 3 Traps | -11 -10 -10 -8 -8 -6 -5 -5 -5 -5 -5 -5 -4 -4 -4 -4 -3 -2 -1 ------- Run | Yrd Mat Sub Rec Scr Fac Fac Was Fac Upp Upp War Pro Fac Upp Upp Res Res Acc Traps Triggered 8 | . . . . . 3 1 . 2 . . . . 2 . . . . . Indirectly . | . . . . . . . . . . . . . . . . . . . Trap Hack Attempts . | . . . . . . . . . . . . . . . . . . . Triggered . | . . . . . . . . . . . . . . . . . . . Disarmed . | . . . . . . . . . . . . . . . . . . . Reprogrammed 4 | . . . . . . . . . . . . . . . . . . 4 Reused . | . . . . . . . . . . . . . . . . . . . Traps Extracted . | . . . . . . . . . . . . . . . . . . . Installed . | . . . . . . . . . . . . . . . . . . . Triggered . | . . . . . . . . . . . . . . . . . . . Objects Rigged 1 | . . . . . . . . . . . . . . . . . . 1 Exploded 1 | . . . . . . . . . . . . . . . . . . 1 Machines | -11 -10 -10 -8 -8 -6 -5 -5 -5 -5 -5 -5 -4 -4 -4 -4 -3 -2 -1 ---------- Run | Yrd Mat Sub Rec Scr Fac Fac Was Fac Upp Upp War Pro Fac Upp Upp Res Res Acc Machines Disabled 77 | . . . . . 19 . . 3 . . 2 . 51 . . . . 2 Max in Single Turn 11 | . . . . . 4 . . 1 . . 1 . 11 . . . . 1 Garrison Access 1 | . . . . . . . . . . . . . 1 . . . . . Machines Repaired . | . . . . . . . . . . . . . . . . . . . Machines Dismantled . | . . . . . . . . . . . . . . . . . . . Machines Sabotaged . | . . . . . . . . . . . . . . . . . . . Overloaded Fab Kills . | . . . . . . . . . . . . . . . . . . . Hacking | -11 -10 -10 -8 -8 -6 -5 -5 -5 -5 -5 -5 -4 -4 -4 -4 -3 -2 -1 --------- Run | Yrd Mat Sub Rec Scr Fac Fac Was Fac Upp Upp War Pro Fac Upp Upp Res Res Acc Machines Accessed 79 | . 5 . 10 1 19 . . 11 . 1 6 . 18 1 . . 2 5 Terminals 28 | . 4 . 5 . 6 . . 3 . . . . 6 . . . . 4 Fabricators 9 | . . . . . 4 . . 3 . . . . 2 . . . . . Repair Stations 6 | . . . . . 2 . . 2 . . . . 2 . . . . . Recycling Units 20 | . 1 . 5 . 6 . . 2 . . . . 5 . . . 1 . Scanalyzers 2 | . . . . . . . . . . . . . 2 . . . . . Garrison Access 5 | . . . . . 1 . . 1 . . . . 1 . . . 1 1 Total Hacks 159 | . 11 . 33 1 37 . . 17 . 1 6 . 36 1 . . 3 13 Successful 82 | . 9 . 15 1 16 . . 6 . 1 6 . 21 1 . . . 6 Failed 77 | . 2 . 18 . 21 . . 11 . . . . 15 . . . 3 7 Catastrophic 19 | . . . 4 . 3 . . 6 . . . . . . . . 2 4 Database Lockouts . | . . . . . . . . . . . . . . . . . . . Manual 65 | . 6 . 23 . 15 . . 3 . . . . 12 . . . 2 4 Terminals 78 | . 10 . 25 . 10 . . 4 . . . . 17 . . . . 12 Fabricators 17 | . . . . . 10 . . 5 . . . . 2 . . . . . Repair Stations 14 | . . . . . 6 . . 4 . . . . 4 . . . . . Recycling Units 31 | . 1 . 8 . 10 . . 3 . . . . 7 . . . 2 . Scanalyzers 4 | . . . . . . . . . . . . . 4 . . . . . Garrison Access 6 | . . . . . 1 . . 1 . . . . 2 . . . 1 1 Terminal Hacks 33 | . 6 . 9 1 2 . . . . 1 6 . 3 1 . . . 4 Record 7 | . . . . 1 . . . . . . 5 . . 1 . . . . Part Schematic 3 | . . . 3 . . . . . . . . . . . . . . . Robot Analysis 7 | . 3 . 2 . 1 . . . . . . . 1 . . . . . Prototype ID Bank 1 | . 1 . . . . . . . . . . . . . . . . . Open Door 3 | . . . . . . . . . . 1 1 . . . . . . 1 Level Access Points 1 | . . . . . . . . . . . . . . . . . . 1 Branch Access Points 1 | . . . . . . . . . . . . . 1 . . . . . Machine Index 1 | . . . 1 . . . . . . . . . . . . . . . Terminal Index 1 | . . . . . . . . . . . . . . . . . . 1 Unreport Threat 1 | . . . . . 1 . . . . . . . . . . . . . Locate Traps 1 | . 1 . . . . . . . . . . . . . . . . . Reprogram Traps 1 | . . . . . . . . . . . . . . . . . . 1 Dispatch Records 1 | . . . 1 . . . . . . . . . . . . . . . Surveillance Status 1 | . . . 1 . . . . . . . . . . . . . . . Recall Investigation 1 | . . . . . . . . . . . . . 1 . . . . . Zone Layout 2 | . 1 . 1 . . . . . . . . . . . . . . . Fabricator Hacks 8 | . . . . . 5 . . 2 . . . . 1 . . . . . Network Status 3 | . . . . . 1 . . 1 . . . . 1 . . . . . Load Schematic 3 | . . . . . 3 . . . . . . . . . . . . . Build 2 | . . . . . 1 . . 1 . . . . . . . . . . Repair Station Hacks 10 | . . . . . 3 . . 3 . . . . 4 . . . . . Scan Component 6 | . . . . . 2 . . 2 . . . . 2 . . . . . Repair 4 | . . . . . 1 . . 1 . . . . 2 . . . . . Recycling Unit Hacks 1 | . 1 . . . . . . . . . . . . . . . . . Retrieve Components 1 | . 1 . . . . . . . . . . . . . . . . . Scanalyzer 4 | . . . . . . . . . . . . . 4 . . . . . Insert Component 2 | . . . . . . . . . . . . . 2 . . . . . Analyze 2 | . . . . . . . . . . . . . 2 . . . . . Garrison Access Hacks 1 | . . . . . . . . . . . . . 1 . . . . . Seal Access 1 | . . . . . . . . . . . . . 1 . . . . . Unauthorized Hacks 25 | . 2 . 6 . 6 . . 1 . . . . 8 . . . . 2 Terminals 8 | . 2 . 1 . . . . . . . . . 3 . . . . 2 Botnet 4 | . 1 . 1 . . . . . . . . . 2 . . . . . Detonate 1 | . . . . . . . . . . . . . . . . . . 1 Disrupt 1 | . . . . . . . . . . . . . . . . . . 1 Operators 2 | . 1 . . . . . . . . . . . 1 . . . . . Fabricators 2 | . . . . . 1 . . . . . . . 1 . . . . . Report 1 | . . . . . . . . . . . . . 1 . . . . . Fabnet 1 | . . . . . 1 . . . . . . . . . . . . . Repair Stations . | . . . . . . . . . . . . . . . . . . . Recycling Units 15 | . . . 5 . 5 . . 1 . . . . 4 . . . . . Tunnel 5 | . . . 5 . . . . . . . . . . . . . . . Fedlink 7 | . . . . . 5 . . . . . . . 2 . . . . . Scrapoids 2 | . . . . . . . . 1 . . . . 1 . . . . . Scraphulk 1 | . . . . . . . . . . . . . 1 . . . . . Scanalyzers . | . . . . . . . . . . . . . . . . . . . Garrison Access . | . . . . . . . . . . . . . . . . . . . Data Cores Recovered 1 | . . . . . . . . . . . . . . . . . . 1 Used 1 | . . . . . . . . . . . . . . . . . . 1 Hacking Detections 53 | . 4 . 7 . 16 . . 9 . . . . 10 . . . 2 5 Full Trace Events 10 | . . . 4 . 2 . . 1 . . . . 1 . . . 1 1 Feedback Events 1 | . . . . . . . . . . . . . . . . . 1 . Corruption 1 | . . . . . . . . . . . . . . . . . 1 . Feedback Blocked . | . . . . . . . . . . . . . . . . . . . Robot Schematics Acquired . | . . . . . . . . . . . . . . . . . . . Robots Built . | . . . . . . . . . . . . . . . . . . . Authchips . | . . . . . . . . . . . . . . . . . . . Time . | . . . . . . . . . . . . . . . . . . . Total Robot Build Rating . | . . . . . . . . . . . . . . . . . . . Part Schematics Acquired 4 | . . . 3 . . . . . . . . . 1 . . . . . Parts Built 4 | . . . . . 2 . . 2 . . . . . . . . . . Authchips . | . . . . . . . . . . . . . . . . . . . Time 105 | . . . . . 36 . . 69 . . . . . . . . . . Total Part Build Rating 24 | . . . . . 6 . . 18 . . . . . . . . . . Parts Repaired 4 | . . . . . 1 . . 1 . . . . 2 . . . . . Time 201 | . . . . . 22 . . 68 . . . . 111 . . . . . Parts Recycled . | . . . . . . . . . . . . . . . . . . . Recycled Matter . | . . . . . . . . . . . . . . . . . . . Retrieved Matter . | . . . . . . . . . . . . . . . . . . . Retrieved Components 2 | . 2 . . . . . . . . . . . . . . . . . Parts Scanalyzed 1 | . . . . . . . . . . . . . 1 . . . . . Part Schematics Acquired 1 | . . . . . . . . . . . . . 1 . . . . . Parts Damaged . | . . . . . . . . . . . . . . . . . . . Bothacking | -11 -10 -10 -8 -8 -6 -5 -5 -5 -5 -5 -5 -4 -4 -4 -4 -3 -2 -1 ------------ Run | Yrd Mat Sub Rec Scr Fac Fac Was Fac Upp Upp War Pro Fac Upp Upp Res Res Acc Used RIF Installer . | . . . . . . . . . . . . . . . . . . . Robots Hacked 5 | . . . . . . . . 3 1 . . . 1 . . . . . Non-combat 1 | . . . . . . . . 1 . . . . . . . . . . Combat 4 | . . . . . . . . 2 1 . . . 1 . . . . . Robot Hacks Applied 1 | . . . . . . . . 1 . . . . . . . . . . no_distress 1 | . . . . . . . . 1 . . . . . . . . . . Relay Couplers Released 3 | . . . . . . . . . . . . . 3 . . . . . Machine Destruction 3 | . . . . . . . . . . . . . 3 . . . . . Fabnet Peak Effective % 3 | . . . . . . 3 3 3 3 3 3 1 1 1 1 . . . Autooverrided 4 | . . . . . . . . 2 1 . . . 1 . . . . . Robots Rewired 10 | . . . 5 . . . . . . . 5 . . . . . . . Allies Hacked . | . . . . . . . . . . . . . . . . . . . Hacks Repelled . | . . . . . . . . . . . . . . . . . . . Allies | -11 -10 -10 -8 -8 -6 -5 -5 -5 -5 -5 -5 -4 -4 -4 -4 -3 -2 -1 -------- Run | Yrd Mat Sub Rec Scr Fac Fac Was Fac Upp Upp War Pro Fac Upp Upp Res Res Acc Total Allies 25 | . . . 5 . . . . 7 1 . 5 . 7 . . . . . Largest Group 5 | . . . 5 2 2 . . 5 . . 5 1 5 . . . . . Highest-Rated Group 288 | . . . 45 12 12 . . 238 . . 288 64 235 . . . . . Highest-Rated Ally 123 | . . . 15 6 6 . . 50 . . 68 64 123 . . . . . Total Orders 1 | . . . . . . . . 1 . . . . . . . . . . FOLLOW 1 | . . . . . . . . 1 . . . . . . . . . . Ally Attacks 135 | . . . 2 . . . . 41 1 . 22 . 69 . . . . . Total Damage 4506 | . . . 50 . . . . 999 . . 1056 . 2401 . . . . . Kills 20 | . . . . . . . . 5 . . 5 . 10 . . . . . Allies Corrupted 1 | . . . . . . . . . . . 1 . . . . . . . Allies Melted . | . . . . . . . . . . . . . . . . . . . Intel | -11 -10 -10 -8 -8 -6 -5 -5 -5 -5 -5 -5 -4 -4 -4 -4 -3 -2 -1 ------- Run | Yrd Mat Sub Rec Scr Fac Fac Was Fac Upp Upp War Pro Fac Upp Upp Res Res Acc Active Infowar (turns) 11561 | . 857 560 . . 2540 50 92 2861 380 387 789 1138 1513 . . . 212 182 Sensors 6706 | . . . . . . . . 2353 380 378 778 1093 1330 . . . 212 182 Terrain 5724 | . . . . . 336 38 78 2002 380 387 452 1058 975 . . . . 18 Traps 1 | . . . . . . . . . . . . . 1 . . . . . Seismic 4347 | . 857 560 . . 2534 50 92 254 . . . . . . . . . . Cloaking 231 | . . . . . . . . . . . . . 231 . . . . . Robot Analysis Total 7 | . 3 . 2 . 1 . . . . . . . 1 . . . . . Derelict Logs Recovered 5 | . . . . 2 . . . . . . . 1 . 2 . . . . Drone Launches . | . . . . . . . . . . . . . . . . . . . Drone Recoveries . | . . . . . . . . . . . . . . . . . . . Exploration | -11 -10 -10 -8 -8 -6 -5 -5 -5 -5 -5 -5 -4 -4 -4 -4 -3 -2 -1 ------------- Run | Yrd Mat Sub Rec Scr Fac Fac Was Fac Upp Upp War Pro Fac Upp Upp Res Res Acc Turns Passed 17399 | 83 885 823 672 2714 3119 50 92 3025 380 387 1032 1138 2210 114 10 92 374 199 Spaces Moved 11557 | 49 435 379 536 1763 1570 42 93 2227 354 338 691 278 1559 227 14 137 352 513 Core 711 | 6 . . . . . . 1 . . . . . 194 227 14 137 132 . Treads 3366 | 43 435 311 . 1193 1319 . . 65 . . . . . . . . . . Legs . | . . . . . . . . . . . . . . . . . . . Wheels 6957 | . . 68 536 570 251 42 92 2162 354 338 691 278 1365 . . . 210 . Hover . | . . . . . . . . . . . . . . . . . . . Flight 523 | . . . . . . . . . . . . . . . . . 10 513 Fastest Speed 10 | 50 160 120 105 105 90 90 80 80 90 90 90 90 50 50 50 50 10 10 Average Speed 110 | 146 160 153 107 152 144 90 96 96 90 97 99 90 92 50 50 50 79 13 Slowest Speed 1250 | 160 160 240 120 225 160 90 1250 325 90 120 120 100 170 50 50 50 110 110 Overloaded Moves . | . . . . . . . . . . . . . . . . . . . Propulsion Burnouts . | . . . . . . . . . . . . . . . . . . . Robots Hopped . | . . . . . . . . . . . . . . . . . . . Potential Cave-ins 7 | . . . . . . . . 4 . . . 3 . . . . . . Cave-ins Triggered . | . . . . . . . . . . . . . . . . . . . Exploration Rate (%) 43 | 5 80 19 85 91 47 2 72 51 50 56 89 38 49 54 8 6 8 14 Regions Visited 18 Branch Regions 9 Pre-discovered Areas 10 | . . . 5 2 1 . . . . . . . . 2 . . . . Known Exits Taken 8 | . . . . . . . . 1 1 1 1 1 1 . 1 1 . . Unknown Exits Taken 8 | 1 1 1 1 1 1 . . . . . . . . 1 . . 1 . Scrap Searched 16 | . . . . 10 . . . . 2 2 . 2 . . . . . . Spaces Dug 145 | . . 3 . . 39 4 . 44 2 1 . 5 26 . . 4 3 14 Terrain Destroyed 1009 | . . 123 . . 295 4 . 118 5 69 119 9 246 . . 4 3 14 Melee 25 | . . 3 . . 1 . . . . . . . . . . 4 3 14 Projectile 261 | . . . . . 134 4 . 69 5 1 1 9 38 . . . . . AOE 721 | . . 120 . . 159 . . 48 . 68 118 . 208 . . . . . Terrain Rammed . | . . . . . . . . . . . . . . . . . . . Walls Destroyed . | . . . . . . . . . . . . . . . . . . . Machines Disabled . | . . . . . . . . . . . . . . . . . . . Actions | -11 -10 -10 -8 -8 -6 -5 -5 -5 -5 -5 -5 -4 -4 -4 -4 -3 -2 -1 --------- Run | Yrd Mat Sub Rec Scr Fac Fac Was Fac Upp Upp War Pro Fac Upp Upp Res Res Acc Total 15247 | 57 536 532 616 1804 2189 50 110 2850 412 377 988 1149 2147 226 18 150 438 598 Wait 2134 | . 38 77 14 2 324 1 . 248 46 6 165 846 270 . . . 53 44 Move 11539 | 48 434 378 535 1762 1569 42 92 2226 353 337 690 277 1558 226 13 136 351 512 Hop . | . . . . . . . . . . . . . . . . . . . Pick Up 154 | 3 9 6 3 11 27 . 3 32 2 5 12 2 25 . . 6 6 2 Fast Attach 104 | 6 2 . 2 5 13 . 2 26 . 2 1 . 26 . . 1 8 10 Attach 101 | . 1 3 . 2 14 1 1 20 2 3 2 4 41 . . . 5 2 Detach 67 | . 1 . 1 3 3 . 7 22 1 . 1 2 23 . . . 1 2 Swap 202 | . 1 13 1 2 58 2 1 59 1 2 18 4 38 . . . 1 1 Drop 172 | . 2 2 3 17 26 . 4 43 3 7 11 2 38 . 5 1 7 1 Fire 599 | . 46 27 8 . 147 4 . 172 4 15 43 12 121 . . . . . Melee 61 | . . 23 . . 2 . . . . . . . . . . 6 6 24 Ram 8 | . . . . . . . . 1 . . . . 7 . . . . . Kick . | . . . . . . . . . . . . . . . . . . . Crush 12 | . 2 3 . . 6 . . 1 . . . . . . . . . . Escape Stasis . | . . . . . . . . . . . . . . . . . . . Rewire 94 | . . . 49 . . . . . . . 45 . . . . . . . Trap . | . . . . . . . . . . . . . . . . . . . Miscellaneous . | . . . . . . . . . . . . . . . . . . . Route ------- -11/Scrapyard -10/Materials (discovered 4 exits: [*Mat x2] / [*Min] / [*Sub]) -10/Subcaves (discovered 2 exits: [*Mat] / *Rec) -8/Recycling (discovered 2 exits: *Fac / *Scr) -8/Scraptown (discovered 2 exits: *Fac x2) -6/Factory (discovered 4 exits: [*Fac x2] / [*Low] / [*Ext]) -5/Factory -5/Waste -5/Factory (discovered 2 exits: *Fac / *Upp) -5/Upper Caves -5/Upper Caves -5/Warlord -4/Proximity Caves -4/Factory (discovered 4 exits: *Res / *Upp x2 / Arm) -4/Upper Caves -4/Upper Caves -3/Research -2/Research -1/Access To Epsilon Eridani History --------- Turn | Location | Event 12 | -11/Scrapyard | Discovered new exit (range 15) 84 | -11/Scrapyard | Entered Materials 304 | -10/Materials | Build established: Mutant 389 | -10/Materials | Discovered new exit (range 3) 789 | -10/Materials | Discovered new exit (range 11) 840 | -10/Materials | Discovered new exit (range 16) 960 | -10/Materials | Discovered new exit (range 7) 969 | -10/Materials | Entered Subcaves 1057 | -10/Subcaves | Discovered new exit (range 14) 1251 | -10/Subcaves | Shifting Twisted Machinery released Sub. Monowheel 1257 | -10/Subcaves | Shifting Twisted Machinery released Mak. Light Armor Plating 1400 | -10/Subcaves | Discovered new exit (range 13) 1563 | -10/Subcaves | Ambushed by Subdweller buried in earth 1597 | -10/Subcaves | Core integrity fell below 50% 1670 | -10/Subcaves | Core integrity fell below 20% 1715 | -10/Subcaves | Lost 3 parts (1p1n1w) 1792 | -10/Subcaves | Entered Recycling 2166 | -8/Recycling | Discovered new exit (range 8) 2178 | -8/Recycling | Build established: Commander-Mutant 2436 | -8/Recycling | Scanned before Scraplab entrance 2452 | -8/Recycling | Entered Scraplab 2460 | -8/Recycling | Discovered new exit (range 4) 2464 | -8/Recycling | Entered Scraptown 2464 | -8/Scraptown | Accompanied by 2 allies 2525 | -8/Scraptown | Heard Great Nut preacher, LISTEN AND RECITE! 2692 | -8/Scraptown | Discovered new exit (range 13) 2769 | -8/Scraptown | Build established: Mutant 2815 | -8/Scraptown | Visited Cave Peace 2853 | -8/Scraptown | Visited Awakened 2890 | -8/Scraptown | Visited Bundlers 2959 | -8/Scraptown | Visited Comm Corps 3017 | -8/Scraptown | Visited SPCMW 3346 | -8/Scraptown | Visited Fellowship of the Rings 3384 | -8/Scraptown | Visited Assassins FH 3387 | -8/Scraptown | Build established: Derelict-Mutant 3466 | -8/Scraptown | Visited UFD Registry 3466 | -8/Scraptown | Registered with UFD as "Chainchip" 3502 | -8/Scraptown | Visited Observation Area 3566 | -8/Scraptown | Visited DA-N13 Charitable Foundation 3574 | -8/Scraptown | Found DCF Scrap (33 items) 3657 | -8/Scraptown | Visited LU-1G1's Boring Crew 3702 | -8/Scraptown | Delivered Scrap Shield to a Scientist 3870 | -8/Scraptown | Visited Curators Association 3921 | -8/Scraptown | Visited Derelict Rescue Squad 3958 | -8/Scraptown | Visited Scrapoid Research Area 3971 | -8/Scraptown | Received an X-ray algorithm 4007 | -8/Scraptown | Visited Modified Component R&D 4094 | -8/Scraptown | Visited Science Testing Area 4130 | -8/Scraptown | Visited Chapter 10 4231 | -8/Scraptown | Visited Scrap Suit Storage 4508 | -8/Scraptown | Scanned Subdweller tech in exchange for log data 4515 | -8/Scraptown | Learned location of Zion (-6) 4517 | -8/Scraptown | Learned Research stockpile data 4939 | -8/Scraptown | Found Scrap Suit 5082 | -8/Scraptown | Met Optimus 5082 | -8/Scraptown | Accepted into 0bPrime 5169 | -8/Scraptown | Discovered new exit (range 5) 5178 | -8/Scraptown | Entered Factory 5178 | -6/Factory | Accompanied by 2 allies 5178 | -6/Factory | Evolved 8 slots: Power x1, Propulsion x2, Utility x4, Weapon x1 5276 | -6/Factory | Loaded intel: 8 recycling unit locations 5466 | -6/Factory | Build established: Derelict-Scrapper 5873 | -6/Factory | Learned location of Protoforge (-3) 5952 | -6/Factory | Build established: Scrapper 6189 | -6/Factory | Spotted B-75 Beast 6241 | -6/Factory | Discovered new exit (range 6) 6525 | -6/Factory | Discovered new exit (range 16) 6875 | -6/Factory | Fabricated Arm. Treads (x2) 6945 | -6/Factory | Discovered new exit (range 11) 7024 | -6/Factory | Repaired Mak. Light Armor Plating 7167 | -6/Factory | Build established: Gunner 7664 | -6/Factory | Discovered new exit (range 4) 8124 | -6/Factory | Cargo convoy interrupted 8206 | -6/Factory | Destroyed 10 combat bots 8253 | -6/Factory | Lost 3 parts (1p2n) 8297 | -6/Factory | Entered another Factory area 8297 | -5/Factory | Evolved 2 slots: Propulsion x1, Utility x1 8347 | -5/Factory | Sucked down chute 8347 | -5/Factory | Entered Waste 8347 | -5/Waste | The area was eerily silent 8413 | -5/Waste | Discovered new exit (range 15) 8427 | -5/Waste | Found Damper Plating 8439 | -5/Waste | Entered Factory 8912 | -5/Factory | Scrapoids reinforcements arrived? 8958 | -5/Factory | Found Scrap Suit 9007 | -5/Factory | Lost 5 allies 9251 | -5/Factory | Build established: Scrapper 9846 | -5/Factory | Discovered new exit (range 10) 9853 | -5/Factory | Identified exit to Upper Caves 9954 | -5/Factory | Repaired Com. HERF Cannon? 10125 | -5/Factory | Discovered new exit (range 11) 10169 | -5/Factory | Fabricated Enh. Nova Cannon (x2) 10187 | -5/Factory | Identified exit to Factory 10320 | -5/Factory | Garrison activated, responded to threat 10422 | -5/Factory | Local machine network offline 10726 | -5/Factory | Destroyed 9 combat bots 11249 | -5/Factory | Found Prototype Processor 11249 | -5/Factory | Identified Exp. Targeting Computer 11464 | -5/Factory | Entered Upper Caves 11465 | -5/Upper Caves | Encountered a Warlord checkpoint 11466 | -5/Upper Caves | UFD Scientist delivered a prototype 11470 | -5/Upper Caves | Found Prototype Protection 11801 | -5/Upper Caves | Discovered new exit (range 15) 11843 | -5/Upper Caves | Identified exit to Upper Caves 11844 | -5/Upper Caves | Entered another Upper Caves area 12066 | -5/Upper Caves | Attracted the attention of an 0b10 checkpoint 12201 | -5/Upper Caves | Encountered a Warlord checkpoint 12202 | -5/Upper Caves | Discovered new exit (range 14) 12230 | -5/Upper Caves | Identified exit to Warlord 12231 | -5/Upper Caves | Entered Warlord 12271 | -5/Warlord | System corruption cleaned by Quarantine Array 12673 | -5/Warlord | Found Prototype Hackware 12681 | -5/Warlord | Found Prototype Processor 12683 | -5/Warlord | Identified Exp. Target Analyzer 12691 | -5/Warlord | Found Exp. Targeting Computer 12771 | -5/Warlord | Visited the Vortex Lab 12784 | -5/Warlord | Found Prototype Energy Cannon 12788 | -5/Warlord | Warlord's base attacked by MAIN.C 12925 | -5/Warlord | Build established: Commander-Scrapper 13038 | -5/Warlord | P-80 Master assimilated allied Beamer 6a 13138 | -5/Warlord | Warlord forces counterattacked 13201 | -5/Warlord | Spotted Executioner 13235 | -5/Warlord | Lost 4 allies 13238 | -5/Warlord | Discovered new exit (range 9) 13244 | -5/Warlord | Identified exit to Proximity Caves 13263 | -5/Warlord | Entered Proximity Caves 13263 | -4/Proximity Caves | Accompanied by 1 ally 13341 | -4/Proximity Caves | Build established: Scrapper 14317 | -4/Proximity Caves | Identified Vortex Driver 14341 | -4/Proximity Caves | Learned location of 1 exit from Research 14385 | -4/Proximity Caves | Discovered exit to Factory (range 6) 14394 | -4/Proximity Caves | Identified Enh. Scrap Shield 14399 | -4/Proximity Caves | Attracted the attention of an 0b10 checkpoint 14401 | -4/Proximity Caves | Entered Factory 14401 | -4/Factory | Accompanied by 1 ally 14401 | -4/Factory | Evolved 2 slots: Utility x2 14423 | -4/Factory | Identified System Mapper 14526 | -4/Factory | Repaired Enh. Nova Cannon 14700 | -4/Factory | Discovered new exit (range 4) 14731 | -4/Factory | Build established: Hacker-Scrapper 15083 | -4/Factory | Identified exit to Upper Caves 15083 | -4/Factory | Identified exit to Armory 15197 | -4/Factory | Loaded intel: 8 recycling unit locations 15272 | -4/Factory | Discovered new exit (range 15) 15303 | -4/Factory | Found Prototype Processor 15312 | -4/Factory | Identified exit to Research 15485 | -4/Factory | Scrapoid reinforcements arrived 15494 | -4/Factory | Garrison activated, responded to threat 15540 | -4/Factory | Found Scrap Suit 15567 | -4/Factory | Lost 5 allies 15705 | -4/Factory | Identified Exp. Signal Interpreter 15964 | -4/Factory | Destroyed 7 combat bots 16102 | -4/Factory | Repaired Enh. Nova Cannon 16237 | -4/Factory | Destroyed 7 combat bots 16341 | -4/Factory | High security lockdown imminent 16378 | -4/Factory | Lost 4 parts (1p3w) 16410 | -4/Factory | Scraphulk reinforcements arrived 16421 | -4/Factory | High security lockdown engaged 16453 | -4/Factory | Lost 7 parts (2n4u1w) 16461 | -4/Factory | Core integrity fell below 50% 16508 | -4/Factory | Released all parts (10) 16531 | -4/Factory | Lost 4 parts (2n1u1w) 16598 | -4/Factory | Spotted B-86 Titan 16603 | -4/Factory | Core integrity fell below 20% 16611 | -4/Factory | Entered Upper Caves 16614 | -4/Upper Caves | Learned location of Testing (-2) 16652 | -4/Upper Caves | Entered a destroyed Warlord outpost 16672 | -4/Upper Caves | Build established: Hacker-Mutant 16678 | -4/Upper Caves | Attracted the attention of an 0b10 checkpoint 16722 | -4/Upper Caves | Discovered new exit (range 6) 16725 | -4/Upper Caves | Entered another Upper Caves area 16728 | -4/Upper Caves | Discovered exit to Research (range 10) 16732 | -4/Upper Caves | Released all parts (3) 16735 | -4/Upper Caves | Entered Research 16735 | -3/Research | Evolved 2 slots: Propulsion x1, Utility x1 16736 | -3/Research | Identified exit to Research 16753 | -3/Research | Found Powered Armor 16755 | -3/Research | Found Powered Armor 16827 | -3/Research | Entered another Research area 16827 | -2/Research | Evolved 2 slots: Propulsion x1, Utility x1 17032 | -2/Research | Build established: Mutant 17198 | -2/Research | Discovered new exit (range 4) 17201 | -2/Research | Entered Access 17201 | -1/Access | Evolved 2 slots: Power x1, Propulsion x1 17228 | -1/Access | Found Quantum Capacitor 17248 | -1/Access | Identified exit to Surface 17400 | *** | Escaped! Last Messages --------------- Trojan loaded successfully. Testing... Disruption routine running. >>Trojan(Detonate) Trojan loaded successfully. Testing... Scanning machine control network... Found 1 applicable machine. CAUR46CEX4: Spectral Interrupter Infected machine control systems. 17362_ W-44 Eye sends out distress signal. 17368_ Connecting with Garrison Access... 17369_ Acquired Quantum Reactor. 17392_ Acquired Enh. Nova Cannon. 17400_ Connecting with Terminal... >>Open(Door) Sealed Barrier opened. 17400_ ALERT: Suspicious activity at Terminal A001. Dispatching Investigation squad. 17400_ The Access Shell folds into the floor. Map ----- +----------------------------------------------------+ | ????# ##################### #???????????????????? | | ????# # " + #???????????????????? | | ????# # """ ##### #???????????????????? | | ????# # """ #???# #???????????????????? | | ????/ # " #???# #???????????????????? | | ????# # #???###"#####???????????????????? | | ????# # #?????###???????????????????????? | | ????# + #???????????????????????????????? | | ????# # #???????????????????????????????? | | ????# ####"######???????????????????????????????? | | ????# #####"#######################+#???????????? | | ????# ???????????? | | ????# ????????????? | | ????########+##+##### ""##????????????????? | | ????????????? ??# ""#?????????????????? | | ??????????? #?# ""#?????????????????? | | ?????????# !!! #?# T#?????????????????? | | ?????????# !!! #?# ""#?????????????????? | | ?????????# !!! #?# ""#?????????????????? | | ?????????# ### ""##????????????????? | | ?????????# ## #????????????????? | | ?????????# ### ##????????????????? | | ?????????# #?# #?????????????????? | | ?????????##########?# #?????????????????? | | ????????????????????# #?????????????????? | | ????????????????????# @" #?????????????????? | | ????????????????????# "" #?????????????????? | | ????????????????????# #?????????????????? | | ????????????????????# #?????????????????? | | ????????????????????# #?????????????????? | | ????????????????????#""""""""""#?????????????????? | | ?????????????????????????????????????????????????? | | ?????????????????????????????????????????????????? | | ?????????????????????????????????????????????????? | | ?????????????????????????????????????????????????? | | ?????????????????????????????????????????????????? | | ?????????????????????????????????????????????????? | | ?????????????????????????????????????????????????? | | ?????????????????????????????????????????????????? | | ?????????????????????????????????????????????????? | | ?????????????????????????????????????????????????? | | ?????????????????????????????????????????????????? | | ?????????????????????????????????????????????????? | | ?????????????????????????????????????????????????? | | ?????????????????????????????????????????????????? | | ?????????????????????????????????????????????????? | | ?????????????????????????????????????????????????? | | ?????????????????????????????????????????????????? | | ?????????????????????????????????????????????????? | | ?????????????????????????????????????????????????? | +----------------------------------------------------+ Best States ------------- Heat Dissipation 112 Energy Generation 69 Energy Capacity 1165 Matter Stores 300 Matter Capacity 300 Sight Range 16 Robot Scan Range 18 Terrain Scan Range 24 Terrain Scan Density 210 Cloak Strength 3 Armor Coverage 1600 Resistance: EM 90 Evasion (%) 68 Targeting Accuracy 12 Melee Accuracy 8 Target Analysis 10 Core Analysis 6 Recoil Reduction 4 Offensive Hacking 28 Defensive Hacking 14 Item Schematics ----------------- Huge Storage Unit | -8/Recycling | Hacked Arm. Treads | -8/Recycling | Hacked System Shield | -8/Recycling | Hacked Adv. Hacking Suite | -4/Factory | Scanalyzed Robot Schematics ------------------ None Fabricated ------------ Arm. Treads | x2 | -6/Factory Enh. Nova Cannon | x2 | -5/Factory | Preloaded Repaired ---------- Mak. Light Armor Plating | 29% | -6/Factory Com. HERF Cannon | 1% | -5/Factory Enh. Nova Cannon | 63% | -4/Factory Enh. Nova Cannon | 13% | -4/Factory Alien Tech Used ----------------- None Achievements -------------- Desperate Times Speed Demon Challenges ------------ None Game ------ Seed DeepEnhancedJetlance Manual? 0 Play Time 05:07:07 Cumulative 234.2 hours Start 2025.06.09 @ 01:01:43 End 2025.06.09 @ 17:44:44 Sessions 3 Manual Loads 0 Difficulty Rogue Special Mode None Game No. 169 Rogue 169 Adventurer 0 Explorer 0 Win Type 0 Total 12 Types 12/0/0/0/0/0/0/0/0/0 Lore% 69 Gallery% 69 Achievement% 62 Wizard Run 0 Options --------- Layout 0 ASCII 0 Keyboard 1 Movement Numpad Keybinds 0 Fullscreen 2 Font 36/Smallcaps Map View 76x50 Zoom Use 0% Tactical HUD 1 Map Filters NONE Filters NONE Steam 1 RUN: f58b50b4-31f4-46fb-b2d4-5d7442c67fca